[Event "Late-Titled-Tuesday-Blitz-January-23-2024"]
[Site "Chess.com"]
[Date "2024.01.23"]
[Round "8"]
[White "Alex_Banzea"]
[Black "Kombinator01"]
[Result "0-1"]
[WhiteElo "2599"]
[BlackElo "2471"]
[TimeControl "180+1"]
[EndTime "15:25:58 PST"]
[Termination "Kombinator01 won on time"]

1. d4 e6 2. Nc3 c5 3. d5 Nf6 4. e4 exd5 5. e5 Ne4 6. Qxd5 Nxc3 7. bxc3 Be7 8. Bf4 O-O 9. Bd3 Bg5 10. Bxg5 Qxg5 11. Nf3 Qh6 12. h4 Qc6 13. c4 Na6 14. Be4 Nb4 15. Qxc6 dxc6 16. a3 Na6 17. Rd1 Be6 18. Ng5 Bxc4 19. Bxh7+ Kh8 20. Bd3 Bxd3 21. Rxd3 Rae8 22. Re3 f6 23. f4 fxe5 24. fxe5 Rf5 25. e6 Nc7 26. c4 Rf6 27. Rf1 Rxf1+ 28. Kxf1 Kg8 29. Ke2 b5 30. Kd3 a5 31. g4 b4 32. a4 Kf8 33. Rf3+ Kg8 34. Re3 Kf8 35. Rf3+ Kg8 36. Kc2 Nxe6 37. Nxe6 Rxe6 38. Rf5 Re4 39. Rxc5 Rxg4 40. h5 Rh4 41. Rxc6 Rxh5 42. c5 g5 43. Rc8+ Kf7 44. c6 Rh6 45. c7 Rc6+ 46. Kd3 Kg7 47. Kd4 g4 48. Kd5 Rc1 49. Kd6 Rd1+ 50. Kc6 Rc1+ 51.
Kb7 b3 52. Ka6 b2 53. Rb8 Rxc7 54. Rxb2 Rc5 55. Kb6 Rg5 56. Rb5 Kg6 0-1

[Event "Late-Titled-Tuesday-Blitz-January-23-2024"]
[Site "Chess.com"]
[Date "2024.01.23"]
[Round "8"]
[White "Iuckyducky"]
[Black "LUISMIGUELOV"]
[Result "1-0"]
[WhiteElo "2359"]
[BlackElo "2175"]
[TimeControl "180+1"]
[EndTime "15:25:58 PST"]
[Termination "Iuckyducky won on time"]

1. e4 d5 2. exd5 Qxd5 3. Nf3 Bg4 4. Be2 e5 5. O-O Nd7 6. h3 Bh5 7. d4 O-O-O 8. c4 Qd6 9. Nxe5 Nxe5 10. Bxh5 Nxc4 11.
Bxf7 Qxd4 12. Be6+ Kb8 13. Qxd4 Rxd4 14. Be3 Nxe3 15.
fxe3 Rd8 16. Nc3 Nf6 17. e4 Bc5+ 18. Kh1 Rhe8 19. Bf5 g6 20. Bxg6 hxg6 21. Rxf6 g5 22. Rg6 Be3 23. Re1 Bf4 24. Nd5 Rxd5 25. g3 Bxg3 26. exd5 Rxe1+ 27. Kg2 c6 28. Kxg3 cxd5 29. Rxg5 Re2 30. Rxd5 Rxb2 31. a4 Rb3+ 32. Kg2 Rb2+ 33.
Kg3 Rb3+ 34. Kg2 Rb4 35. Ra5 a6 36. Kg3 Ka7 37. h4 b6 38. Rg5 Rxa4 39. h5 Ra1 40. h6 Rh1 41. Rg7+ Kb8 42. h7 Rg1+ 43. Kf4 Rf1+ 44.
Ke5 Re1+ 45. Kd4 Rd1+ 46. Kc3 Rc1+ 47. Kb2 Rh1 48. Rg8+ Kb7 49. h8=Q Rxh8 50. Rxh8 a5 51. Kb3 Ka6 52. Rh6 Kb5 53. Rh5+ Ka6 54. Ka4 Kb7 55. Kb5 Kc7 56. Rh7+ Kd6 57. Kxb6 a4 58. Ra7 Kd5 59. Rxa4 Ke5 60. Rc4 1-0

[Event "Late-Titled-Tuesday-Blitz-January-23-2024"]
[Site "Chess.com"]
[Date "2024.01.23"]
[Round "8"]
[White "Msb2"]
[Black "tptagain"]
[Result "0-1"]
[WhiteElo "3041"]
[BlackElo "2947"]
[TimeControl "180+1"]
[EndTime "15:26:00 PST"]
[Termination "tptagain won by resignation"]

1. d4 d5 2. c4 e6 3. Nc3 Bb4 4. e3 Nf6 5. Bd2 O-O 6. Nf3 a6 7. Rc1 dxc4 8. Bxc4 b5 9. Bd3 Bb7 10. a3 Be7 11. b4 Nbd7 12. e4 c5 13. e5 cxd4 14. Ne2 Ng4 15. Bf4 Bxf3 16. gxf3 Ngxe5 17. Nxd4 Bg5 18. Be3 Bxe3 19. fxe3 Qh4+ 20. Ke2 Rac8 21.
Qe1 Qh5 22. Qg3 Nxd3 23. Kxd3 Ne5+ 24. Ke2 Nc4 25. Rhg1 g6 26. Kf2 Rfd8 27. Rgd1 e5 28. Ne2 Nxa3 29. Rxc8 Rxc8 30. Rd5 Nc4 31. h4 Qf5 32.
Qg5 Qxg5 33. hxg5 Kg7 34. Ng3 h6 35. gxh6+ Kxh6 36. Rd7 f5 37. Ra7 Rc6 38. Ne2 Nb2 39. Kg3 Nd3 40. f4 exf4+ 41. exf4 Nxb4 42. Nd4 Rd6 43. Nf3 Rd3 44. Kf2 Nd5 45. Ne5 Ra3 46.
Nf7+ Kh5 47. Ne5 Nxf4 48. Rg7 Nd3+ 49. Nxd3 Rxd3 50. Rh7+ Kg5 51. Ra7 Ra3 52. Ke2 b4 53. Ra8 Kf4 54. Rd8 a5 55. Rd4+ Kg5 56. Rd8 f4 57. Kf2 Kg4 58. Rd1 Ra2+ 59. Kf1 b3 60.
Rd5 b2 61. Rd1 Ra1 62. Kf2 0-1

[Event "Late-Titled-Tuesday-Blitz-January-23-2024"]
[Site "Chess.com"]
[Date "2024.01.23"]
[Round "8"]
[White "Grischuk"]
[Black "AntonSmirnov"]
[Result "1-0"]
[WhiteElo "3080"]
[BlackElo "2983"]
[TimeControl "180+1"]
[EndTime "15:26:01 PST"]
[Termination "Grischuk won by resignation"]

1. d4 d5 2. c4 c6 3. Nf3 Nf6 4.
Nc3 dxc4 5. a4 Bf5 6. Ne5 e6 7. f3 Bb4 8. e4 Bxe4 9. Nxf7 Kxf7 10. fxe4 Nxe4 11. Qh5+ g6 12. Qf3+ Nf6 13. Be2 Qxd4 14. Bd2 Nd7 15. O-O-O Ne5 16. Qg3 Bd6 17. Qh3 Nd3+ 18.
Bxd3 cxd3 19. Rhf1 Rad8 20. Bg5 Be5 21. Rxf6+ Bxf6 22. Rf1 d2+ 23. Kd1 Qc4 24. Rxf6+ Kg7 25. Qh6+ Kg8 26.
Rxg6+ hxg6 27. Qxg6+ Kf8 28. Qf6+ Kg8 29. Qxd8+ Kh7 30.
Qe7+ Kg8 31. Qe8+ Kg7 32. Bf6+ Kxf6 33. Qxh8+ Ke7 34. Qg7+ Ke8 35. Kxd2 Qf4+ 36. Kc2 Qxh2 37. Qxb7 Qxg2+ 38. Kb3 e5 39. Qxa7 Qg8+ 40. Kb4 Qg4+ 41. Ka3 Qf4 42. Qc5 Kd7 43. a5 Qf1 44. Qxe5 Kc8 45.
Qc5 Kb7 46. Qb6+ Ka8 47. Qxc6+ Kb8 48. a6 Qf8+ 49. Kb3 Qf7+ 50. Qd5 Qc7 51. Qb7+ 1-0

[Event "Late-Titled-Tuesday-Blitz-January-23-2024"]
[Site "Chess.com"]
[Date "2024.01.23"]
[Round "8"]
[White "Revan_2002"]
[Black "karinachess1"]
[Result "1-0"]
[WhiteElo "2465"]
[BlackElo "2595"]
[TimeControl "180+1"]
[EndTime "15:26:01 PST"]
[Termination "Revan_2002 won by checkmate"]

1. b3 e5 2. Bb2 Nc6 3. e3 g6 4.
Bb5 Bg7 5. c4 Nge7 6. Ne2 O-O 7.
O-O d5 8. cxd5 Nxd5 9. Bxc6 bxc6 10. Nbc3 Ba6 11. a3 Nxc3 12. Bxc3 Qd3 13. Re1 Rfd8 14.
Ng3 Rab8 15. b4 Qd5 16. Qa4 Bb5 17. Qxa7 Ra8 18. Qxc7 Rd7 19. Qb6 Bf8 20. e4 Qe6 21. Qe3 Rd3 22. Qb6 h5 23. a4 Rxa4 24. Rxa4 Bxa4 25.
Nf1 Bb5 26. Qb8 Rd6 27. Ra1 Rd7 28. Ra8 Qd6 29. Qxd6 Rxd6 30. Bxe5 Rd7 31. Bc3 f6 32. Ne3 Kf7 33. f3 Bh6 34. Kf2 Bf4 35. g3 Be5 36.
Ra2 Rd3 37. Bxe5 fxe5 38. Rb2 Ke6 39. Nd1 Ra3 40. Nc3 Bc4 41. b5 cxb5 42. Nxb5 Rd3 43.
Nc3 Rd6 44. Nd1 Bd3 45. Ke3 Ba6 46. Nf2 Kf6 47. f4 Re6 48. fxe5+ Kxe5 49. d4+ Kf6 50. d5 Rd6 51. Kd4 Ke7 52. e5 Rd8 53. Ne4 Bc8 54. Nc5 Bf5 55. Rb7+ Ke8 56. e6 h4 57. Ke5 hxg3 58. hxg3 Bh3 59. Ne4 Bg2 60. Nf6+ Kf8 61. Rf7# 1-0

[Event "Late-Titled-Tuesday-Blitz-January-23-2024"]
[Site "Chess.com"]
[Date "2024.01.23"]
[Round "8"]
[White "tigurones"]
[Black "ferdipy"]
[Result "0-1"]
[WhiteElo "2475"]
[BlackElo "2338"]
[TimeControl "180+1"]
[EndTime "15:26:01 PST"]
[Termination "ferdipy won on time"]

1. d4 e5 2. dxe5 d6 3. Nf3 Nc6 4. Bf4 Bg4 5. Bg5 Qd7 6. exd6 Bxd6 7. e3 f6 8. Bh4 O-O-O 9. Be2 Nge7 10. Bg3 Qe6 11.
Nbd2 h5 12. c3 Qf7 13. Qa4 g5 14. O-O-O Be6 15. Bc4 Bc5 16. Bxe6+ Qxe6 17. Qc4 Qxc4 18. Nxc4 h4 19. b4 Bb6 20. Be5 fxe5 21. Nfxe5 Nxe5 22. Nxe5 Rxd1+ 23. Rxd1 Rf8 24. Rd2 a5 25. Kd1 Rf5 26.
Nc4 axb4 27. cxb4 Rd5 28. a4 Rxd2+ 29. Nxd2 c6 30. Nf3 Nd5 31. Nxg5 Nxb4 32. Kd2 Kd7 33.
Nf3 Bd8 34. Kc3 Nd5+ 35. Kc4 Nb6+ 36. Kb3 Ke6 37. g3 hxg3 38. hxg3 Kf5 39. Nd4+ Ke4 40.
a5 Nd5 41. a6 bxa6 42. Nxc6 Bb6 43. Ka4 Kf3 44. Nb8 Nc7 45. Nd7 Ba7 46. Ne5+ Kxf2 47. Nc6 Bb6 48. g4 Kxe3 49. g5 Ne6 50. g6 Ke4 51.
Ne7 Ke5 0-1

[Event "Late-Titled-Tuesday-Blitz-January-23-2024"]
[Site "Chess.com"]
[Date "2024.01.23"]
[Round "8"]
[White "jamengrand"]
[Black "zverr1"]
[Result "1/2-1/2"]
[WhiteElo "2273"]
[BlackElo "2499"]
[TimeControl "180+1"]
[EndTime "15:26:04 PST"]
[Termination "Game drawn - insufficient material"]

1. e4 c5 2. Nf3 g6 3. d3 Bg7 4. g3 Nc6 5. Bg2 e5 6. Nc3 Nge7 7. Nd5 O-O 8. h4 h6 9. h5 g5 10. Nxg5 hxg5 11. h6 Nxd5 12. hxg7 Kxg7 13. exd5 Nd4 14.
c3 Nf5 15. Qg4 Qf6 16. d6 Nxd6 17. Bxg5 Qg6 18. Bh6+ Kg8 19. Qxg6+ fxg6 20. Bxf8 Kxf8 21. Bd5 Kg7 22. O-O-O Ne8 23. f4 Nf6 24. Bb3 d6 25.
fxe5 dxe5 26. Rde1 Ng4 27. d4 cxd4 28. cxd4 Bf5 29. Kd2 Rd8 30. d5 Be6 31. Kc1 Nf2 32. Rhf1 Nd3+ 33. Kd2 Nxe1 34. Kxe1 Bxd5 35. Bxd5 Rxd5 36.
Ke2 Rd7 37. Ke3 Rf7 38. Rc1 Kf6 39. Ke4 Re7 40. Rc5 Kg5 41. Rxe5+ Rxe5+ 42. Kxe5 Kg4 43. Kf6 g5 44. a4 a5 45. Kg6 b6 46. Kf6 Kxg3 47.
Kxg5 Kf3 48. Kf5 Ke3 49. Ke5 Kd3 50. Kd5 Kc2 51. Kc6 Kb3 52. Kxb6 Kxa4 53. Ka6 Kb4 54. Kb6 a4 55. Ka6 Kc4 56. Ka5 Kb3 57. Kb5 Ka2 58.
Kxa4 Kxb2 1/2-1/2

[Event "Late-Titled-Tuesday-Blitz-January-23-2024"]
[Site "Chess.com"]
[Date "2024.01.23"]
[Round "8"]
[White "GMG"]
[Black "Oleksandr_Bortnyk"]
[Result "1-0"]
[WhiteElo "2795"]
[BlackElo "3045"]
[TimeControl "180+1"]
[EndTime "15:26:06 PST"]
[Termination "GMG won by resignation"]

1. Nf3 Nf6 2. c4 b6 3. g3 Bb7 4. Bg2 g6 5. d4 Bg7 6. O-O O-O 7. d5 Na6 8. Nc3 Nc5 9. Qc2 Ne8 10. Rd1 a5 11. Nd4 Nd6 12. b3 e5 13. Ndb5 Nxb5 14.
Nxb5 d6 15. Bb2 f5 16. a3 f4 17. b4 Na6 18. Bc3 axb4 19. axb4 Bc8 20. Ra3 fxg3 21. hxg3 Qf6 22. e4 h5 23. Rda1 h4 24.
Qe2 h3 25. Bh1 Bh6 26. Be1 Rf7 27. Kh2 Kh7 28. Rf3 Qg7 29. Rxf7 Qxf7 30. Bf3 Bb7 31. Bg4 Rh8 32. Be6 Qe7 33. Qg4 Rf8 34. Na7 Nxb4 35. Bxb4 Rxf2+ 36. Kxh3 Qf6 37. Nb5 Rf1 38. Rd1 Ba6 39. Qe2 Rf2 40. Qd3 Rf3 41. Qe2 Qf4 42. Rg1 Bg5 43. Bg4 Re3 44. Bd2 Rxe2 45. Bxf4 Rxe4 46. Bxg5 Rxc4 47. Na7 Rc5 48. Bf3 Bd3 49. Re1 b5 50. Nc6 e4 51. Bxe4 Bxe4 52. Rxe4 Rxd5 53. Kg4 Rc5 54. Re7+ Kg8 55. Nd8 Rc4+ 56.
Kh3 Rc5 57. Bf6 Rf5 58. Rg7+ Kh8 59. Bc3 b4 60. Bd4 c5 61. Nf7+ Rxf7 62. Rxf7+ cxd4 63. Rb7 d3 64. Rxb4 Kg7 65. Rd4 1-0

[Event "Late-Titled-Tuesday-Blitz-January-23-2024"]
[Site "Chess.com"]
[Date "2024.01.23"]
[Round "8"]
[White "Alex_Sahakyan2006"]
[Black "Sargsyan_Shant"]
[Result "1-0"]
[WhiteElo "2747"]
[BlackElo "2906"]
[TimeControl "180+1"]
[EndTime "15:26:06 PST"]
[Termination "Alex_Sahakyan2006 won on time"]

1. e4 g6 2. d4 Nf6 3. e5 Nh5 4. Be2 d6 5. Nf3 Bg7 6. O-O dxe5 7. Nxe5 Bxe5 8. dxe5 Qxd1 9. Rxd1 Nc6 10. Nc3 Bd7 11.
Bh6 Rg8 12. Nd5 O-O-O 13. Bb5 Rde8 14. Bg5 f6 15. exf6 exf6 16. Nxf6 Nxf6 17. Bxf6 Rgf8 18.
Bg5 Ne5 19. Bxd7+ Nxd7 20. Re1 Nc5 21. Be7 Rf5 22. g4 Rd5 23. c4 Rxe7 24. Rxe7 Rd4 25.
h3 h5 26. gxh5 gxh5 27. b3 b6 28. Rh7 h4 29. Re1 a5 30. Ree7 Na6 31. Ref7 Kb7 32. f4 Rd1+ 33. Kf2 Rd2+ 34. Ke3 Rxa2 35. f5 Rb2 36. f6 Rxb3+ 37. Ke4 Rb1 38. Rf8 Re1+ 39. Kd4 Nc5 40. Re7 Rd1+ 41. Kc3 Rc1+ 42. Kb2 Nd3+ 43.
Kb3 a4+ 44. Kxa4 Rc3 45. c5 Ka6 46. cxb6 c5 47. Ra8+ Kxb6 48. Rb8+ Kc6 49. f7 Rc4+ 50. Ka3 Rc3+ 51. Rb3 Rc1 52. Rxd3 1-0

[Event "Late-Titled-Tuesday-Blitz-January-23-2024"]
[Site "Chess.com"]
[Date "2024.01.23"]
[Round "8"]
[White "Igor_Lysyj"]
[Black "SanchezKelvin"]
[Result "1/2-1/2"]
[WhiteElo "2882"]
[BlackElo "2581"]
[TimeControl "180+1"]
[EndTime "15:26:08 PST"]
[Termination "Game drawn by repetition"]

1. d4 Nf6 2. c4 c5 3. d5 e6 4. Nc3 exd5 5. cxd5 d6 6. Nf3 g6 7. h3 a6 8. a4 Bg7 9. e4 O-O 10. Be3 Re8 11. Bd3 Nbd7 12. O-O Rb8 13.
Bf4 Bf8 14. Re1 Nh5 15. Bh2 Ne5 16. Be2 Nf6 17. Nd2 g5 18. Nf1 Ng6 19. Ng3 Nd7 20.
Bg4 b5 21. axb5 axb5 22. Nh5 b4 23. Nb1 Nde5 24. Bxc8 Rxc8 25. Nd2 c4 26. Nf3 Nd3 27. Re2 Bg7 28. Nxg7 Kxg7 29. Nd4 Nh4 30. Qd2 Qf6 31. Qe3 Nf4 32. Rd1 Nfxg2 33. Qg3 Nf4 34. Re3 c3 35. bxc3 Rxc3 36. Rxc3 bxc3 37. Qxc3 Rxe4 38. Bxf4 Rxf4 39. Ne2 Rxf2 40. Qxf6+ Rxf6 41. Ng3 Rf3 42. Ne4 Nf5 43. Kg2 Rf4 44. Nxg5 Ne3+ 45. Kg3 Rf5 46. Rd3 Rxg5+ 47. Kf4 Re5 48. Rxe3 Rxe3 49. Kxe3 Kf6 50. Kf4 h6 51. h4 Kg6 52. Kg4 h5+ 53. Kf4 Kf6 54. Ke4 Kg6 55. Kf4 f5 56. Ke3 Kg7 57. Kf3 Kf7 58. Ke3 Ke7 59.
Kf3 Kf7 60. Ke3 Kg7 61. Kf3 Kg6 62. Ke3 Kf6 63. Kf4 Kg6 64. Ke3 1/2-1/2

[Event "Late-Titled-Tuesday-Blitz-January-23-2024"]
[Site "Chess.com"]
[Date "2024.01.23"]
[Round "8"]
[White "ATM622"]
[Black "GoValya"]
[Result "1-0"]
[WhiteElo "2472"]
[BlackElo "2298"]
[TimeControl "180+1"]
[EndTime "15:26:10 PST"]
[Termination "ATM622 won on time"]

1. d4 d5 2. c4 c6 3. Nf3 g6 4. Nbd2 Bg7 5. g3 Nf6 6. Bg2 O-O 7. O-O dxc4 8. Nxc4 b5 9. Nce5 Bb7 10. a4 Nbd7 11.
Ng5 Nxe5 12. dxe5 Nd5 13. e6 f6 14. Nf7 Qc8 15. Nh6+ Kh8 16. axb5 Qxe6 17. bxc6 Bxc6 18.
h4 Rfd8 19. Qb3 Rab8 20. Qa3 Nb4 21. Bxc6 Nxc6 22. Qa2 Qxa2 23. Rxa2 Bxh6 24. Bxh6 Nd4 25. Re1 Rb7 26. Kg2 Kg8 27. Rd1 Kf7 28. Be3 Nc6 29. Rxd8 Nxd8 30. Bxa7 Nc6 31. Be3 Ne5 32. Bd4 Nc4 33. Bc3 Rb3 34. e4 g5 35. hxg5 fxg5 36. Kf1 Kg6 37. Ke2 Kh5 38. f3 Kg6 39. Kd3 Nd6 40. Ra7 Kf7 41. Kc2 Rb5 42. Kd3 Ke6 43. f4 gxf4 44. gxf4 h5 45. f5+ Kf7 46. f6 Rb7 47.
Ra5 exf6 48. Rxh5 Ke6 49. Rh6 Ne8 50. e5 Rd7+ 51. Ke4 Ra7 52. exf6 Ra4+ 53. Kd3 Kf7 54. Rh7+ Ke6 55. Re7+ Kd5 56. Rxe8 Ra1 57. f7 Rf1 58.
f8=Q Rd1+ 59. Kc2 1-0

[Event "Late-Titled-Tuesday-Blitz-January-23-2024"]
[Site "Chess.com"]
[Date "2024.01.23"]
[Round "8"]
[White "Smile2005"]
[Black "cristiano78"]
[Result "0-1"]
[WhiteElo "2402"]
[BlackElo "2227"]
[TimeControl "180+1"]
[EndTime "15:26:10 PST"]
[Termination "cristiano78 won by checkmate"]

1. e4 c5 2. Nf3 d6 3. Bb5+ Bd7 4.
Bxd7+ Qxd7 5. c4 Nc6 6. Nc3 g6 7. d4 cxd4 8. Nxd4 Bg7 9. Be3 Nf6 10. f3 O-O 11. b3 e6 12. Rc1 Rfd8 13. O-O b6 14.
Qd2 Rac8 15. Rfd1 Qe7 16. Qf2 Ne8 17. Rd2 Nxd4 18. Bxd4 Nc7 19. Bxg7 Kxg7 20. Rcd1 Rd7 21.
Qg3 Rcd8 22. h4 h5 23. Ne2 d5 24. exd5 exd5 25. Nf4 Kh6 26. Nxd5 Nxd5 27. cxd5 Qe3+ 28.
Kh2 Rd6 29. Rd4 Kg7 30. Re4 Qc3 31. Qg5 Qf6 32. Re7 Qxg5 33. hxg5 Rxd5 34. Rxd5 Rxd5 35. Rxa7 Rxg5 36. Rb7 Rb5 37. Rc7 Kf6 38. Kh3 g5 39. g4 hxg4+ 40. Kxg4 Kg6 41. Rc6+ f6 42. f4 Rb4 43.
Kg3 gxf4+ 44. Kg4 Kf7 45. Kf5 f3 46. Rxf6+ Ke7 47. Ke5 Rb5+ 48. Ke4 Kxf6 49. Kxf3 Ke5 50. Ke3 Kd5 51. Kd3 Kc5 52. Kc3 Rb4 53. a3 Rh4 54. b4+ Kb5 55. Kb3 Rh3+ 56. Kb2 Kc4 57. Ka2 b5 58.
Kb2 Rh2+ 59. Kc1 Kd3 60. Kb1 Kc3 61. a4 bxa4 62. b5 a3 63. b6 a2+ 64. Ka1 Kb3 65. b7 Rh1# 0-1

[Event "Late-Titled-Tuesday-Blitz-January-23-2024"]
[Site "Chess.com"]
[Date "2024.01.23"]
[Round "8"]
[White "IlanSchnaider"]
[Black "subham777"]
[Result "1-0"]
[WhiteElo "2754"]
[BlackElo "2540"]
[TimeControl "180+1"]
[EndTime "15:26:15 PST"]
[Termination "IlanSchnaider won by resignation"]

1. Nf3 d5 2. b3 Nf6 3. Bb2 e6 4. d3 Be7 5. c4 O-O 6. Nbd2 c5 7.
g3 Nc6 8. Bg2 d4 9. O-O Qc7 10.
a3 a5 11. Qc2 e5 12. e3 h6 13. Rfe1 Bf5 14. Ne4 Nxe4 15. dxe4 Bh7 16. exd4 Nxd4 17. Nxd4 exd4 18. Rad1 Rad8 19. f4 f6 20. Qd2 b6 21.
e5 fxe5 22. Rxe5 Bd6 23. Re2 Bf5 24. h3 Rde8 25. Rde1 Rxe2 26. Rxe2 Bg6 27. Kh2 h5 28. Bd5+ Kh8 29. h4 Rxf4 30. Qe1 Rf8 31. Bc1 Bf7 32.
Be4 a4 33. bxa4 Bxc4 34. Rg2 Qe7 35. Bg5 Qe5 36. Bf4 Rxf4 37. gxf4 Qxf4+ 38. Kg1 Qe3+ 39. Qxe3 dxe3 40. Bf3 Bf7 41. Rb2 c4 42. Rxb6 Bc5 43.
Rb8+ Kh7 44. Kf1 Bg6 45. Rc8 Bd3+ 46. Kg2 Bxa3 47. Re8 Bb4 48. Rxe3 Be4 49. Bxe4+ g6 50. Bd5 c3 51. Bb3 Kg7 52. Re2 Kf6 53. Kf3 g5 54.
hxg5+ Kxg5 55. Re5+ Kf6 56. Re4 Ba5 57. Re6+ Kf5 58. Rd6 Bb4 59. Rd5+ Kf6 60. Rxh5 Ke7 61. Rd5 Ke8 62. Bc2 Ke7 63. Ke4 Ke6 64. a5 Ke7 65. a6 1-0

[Event "Late-Titled-Tuesday-Blitz-January-23-2024"]
[Site "Chess.com"]
[Date "2024.01.23"]
[Round "8"]
[White "reevecanada"]
[Black "Balla_Tamas"]
[Result "1-0"]
[WhiteElo "2637"]
[BlackElo "2452"]
[TimeControl "180+1"]
[EndTime "15:26:15 PST"]
[Termination "reevecanada won by checkmate"]

1. e4 c5 2. Nf3 Nc6 3. d4 cxd4 4. Nxd4 e5 5. Nxc6 bxc6 6. c4 Nf6 7. Bd3 Bc5 8. O-O O-O 9. Nc3 d6 10. Bg5 h6 11.
Bh4 Be6 12. Qa4 Rb8 13. Qxc6 Bd7 14. Qa6 Rb6 15. Qa5 g5 16. Bg3 Qb8 17. Nb5 a6 18. b4 Bxb4 19. Qxb4 axb5 20. c5 dxc5 21. Qxc5 Qd6 22.
Qxd6 Rxd6 23. Bxe5 Rxd3 24. Bxf6 Ra8 25. Rfb1 Be6 26. f3 Bc4 27. Rb2 Rda3 28. Rd2 Rxa2 29.
Raxa2 Rxa2 30. Rd8+ Kh7 31. h4 gxh4 32. f4 Kg6 33.
Bxh4 Kh5 34. Bf2 b4 35. Rg8 Be2 36. Bd4 b3 37. Rb8 Bd3 38. Rxb3 Bxe4 39. Rg3 f5 40.
Kh2 Ra4 41. Be5 Ra2 42. Rg7 Ra3 43. Bf6 Ra2 44. Kh3 Rc2 45. g3 Rc1 46. g4+ fxg4+ 47. Kg3 Rg1+ 48. Kf2 Rb1 49. Ke3 Re1+ 50. Kf2 Bf3 51.
Kxe1 g3 52. Rxg3 Be2 53. Rh3+ Kg4 54. Rh4+ Kf3 55. Rxh6 Bd3 56. Bg5 Kg4 57. Kd2 Bf5 58. Rf6 Be4 59. Ke3 Bc2 60. Kd4 Bf5 61. Rxf5 Kxf5 62.
Kd5 Kg6 63. Ke5 Kf7 64. f5 Kg7 65. Ke6 Kf8 66. f6 Kg8 67. f7+ Kh7 68. Bh6 Kg6 69. f8=Q Kh7 70. Qg7# 1-0

[Event "Late-Titled-Tuesday-Blitz-January-23-2024"]
[Site "Chess.com"]
[Date "2024.01.23"]
[Round "8"]
[White "GlavkonVVS"]
[Black "ItalianMachine"]
[Result "1-0"]
[WhiteElo "2512"]
[BlackElo "2368"]
[TimeControl "180+1"]
[EndTime "15:26:15 PST"]
[Termination "GlavkonVVS won by resignation"]

1. c4 e5 2. Nc3 Nf6 3. g3 d5 4. cxd5 Nxd5 5. Bg2 Nb6 6. Nf3 Nc6 7. d3 Be7 8. O-O O-O 9. a3 f6 10. b4 Be6 11.
Bb2 a5 12. b5 Nd4 13. Nd2 Nd5 14. Bxd5 Bxd5 15. e3 Nxb5 16. Nxb5 Bc6 17. d4 Qd5 18. e4 Qxb5 19. d5 Qxb2 20. dxc6 Rad8 21. Qb3+ Qxb3 22. Nxb3 b6 23. a4 Rd3 24. Rab1 Rfd8 25. Rfc1 Ba3 26. Rc4 Rd1+ 27. Rxd1 Rxd1+ 28. Kg2 Rd3 29. Na1 Bc5 30. f4 Rd2+ 31. Kh3 Bg1 32. fxe5 Rxh2+ 33.
Kg4 fxe5 34. Kf5 Bd4 35. Nc2 Rf2+ 36. Ke6 Rf6+ 37. Kd7 Rf7+ 38. Kc8 Bc5 39. Ne1 Bd6 40. Nc2 h5 41. Ne3 g6 42. Nd5 Kg7 43. Rc3 Kh6 44.
Rd3 Rf8+ 45. Kb7 Rf7 46. Nc3 Bb4 47. Nb5 g5 48. Rd7 Rxd7 49. cxd7 Be7 50. Kxc7 h4 51. gxh4 gxh4 52. Nd6 Kg6 53. Nf5 Bg5 54. Kxb6 h3 55. Ng3 Bh4 56. Kxa5 Bd8+ 57. Kb5 Kg5 58. a5 Kg4 59. Nf1 Kf3 60. a6 Kf2 61. a7 Kxf1 62. a8=Q h2 63. Qxd8 h1=Q 64. Qf8+ Ke2 65. d8=Q Qb1+ 66.
Kc6 Qxe4+ 67. Kd7 Qd5+ 68. Ke7 Qxd8+ 69. Qxd8 e4 70. Qd4 e3 71. Kd6 Kf3 72. Qd3 Kf2 73.
Qf5+ Ke1 74. Ke5 e2 75. Kd4 Kd2 76. Qd3+ Ke1 77. Qe3 Kf1 78. Qf3+ Kg1 79. Qxe2 1-0

[Event "Late-Titled-Tuesday-Blitz-January-23-2024"]
[Site "Chess.com"]
[Date "2024.01.23"]
[Round "8"]
[White "GMBenjaminBok"]
[Black "IgorBjelobrk"]
[Result "1-0"]
[WhiteElo "2885"]
[BlackElo "2635"]
[TimeControl "180+1"]
[EndTime "15:26:17 PST"]
[Termination "GMBenjaminBok won by resignation"]

1. d4 e6 2. c4 b6 3. e4 Bb7 4.
Bd3 Bb4+ 5. Bd2 Bxd2+ 6. Qxd2 f5 7. Nc3 Nf6 8. f3 Nc6 9. Nge2 fxe4 10. fxe4 O-O 11.
O-O e5 12. d5 Ne7 13. b4 d6 14. Qe3 c6 15. Ng3 cxd5 16. exd5 a5 17. Nce4 axb4 18. Nxf6+ gxf6 19. Qh6 f5 20. Nh5 Rf7 21. Bxf5 Nxf5 22.
Rxf5 Qf8 23. Qg5+ Kh8 24. Rxf7 Qxf7 25. Rf1 Qg6 26. Qe7 Rg8 27. Qf6+ Qxf6 28. Rxf6 Rd8 29. Rf7 Bc8 30. h3 Kg8 31. Rg7+ Kh8 32. g4 Rf8 33. Rc7 e4 34. Re7 Ba6 35. g5 Bxc4 36. Nf6 Rxf6 37. gxf6 Kg8 38. Rxe4 Bxd5 39. Rxb4 Bxa2 40. Rxb6 d5 41. Rb7 d4 42. Rg7+ Kf8 43. Kf2 Bb1 44. Ke2 Bg6 45. Kd2 d3 46. Rd7 Ke8 47.
Re7+ Kf8 48. Ke3 Kg8 49. Rg7+ Kf8 50. h4 Ke8 51. Re7+ Kf8 52. Rd7 Ke8 53. Rc7 Kf8 54.
Re7 Kg8 55. Kf4 Kf8 56. Kg5 Bf7 57. Rd7 Bg6 58. h5 Be4 59. Kf4 Bc6 60. Rxd3 Kf7 61. Kg5 Be4 62. Rd7+ Ke6 63. Re7+ Kd5 64. Rxe4 Kxe4 65.
f7 1-0

[Event "Late-Titled-Tuesday-Blitz-January-23-2024"]
[Site "Chess.com"]
[Date "2024.01.23"]
[Round "8"]
[White "messiboca"]
[Black "jefferyx"]
[Result "1-0"]
[WhiteElo "2790"]
[BlackElo "2975"]
[TimeControl "180+1"]
[EndTime "15:26:22 PST"]
[Termination "messiboca won by resignation"]

1. c4 c5 2. Nc3 g6 3. g3 Bg7 4. Bg2 Nc6 5. d3 e6 6. Qd2 Nge7 7. b3 d5 8. Bb2 d4 9. Na4 b6 10. e3 e5 11. Ne2 O-O 12. O-O Bh6 13. Rae1 Bd7 14.
Kh1 Nf5 15. Ng1 Nb4 16. a3 Nc6 17. Bc1 dxe3 18. fxe3 Ncd4 19. Qd1 Nc6 20. Nc3 Nd6 21. Nd5 f5 22. Bb2 Bg7 23. b4 cxb4 24. axb4 Nf7 25. b5 Na5 26. Ba3 Re8 27. Be7 Qc8 28. Bb4 Qd8 29.
Bxa5 bxa5 30. Ne2 Rc8 31. e4 a6 32. b6 Bc6 33. Nec3 Nd6 34. Qb1 Kh8 35. c5 Nb7 36. Nc7 Nxc5 37. Nxe8 Bxe8 38. exf5 gxf5 39. b7 Rb8 40. d4 exd4 41. Nd5 Rxb7 42. Qxf5 Bg6 43. Qg4 d3 44. Nf4 Rb6 45. Nxg6+ Rxg6 46. Qh5 Nd7 47. Be4 Nf6 48. Bxg6 Nxh5 49. Bxh5 Qd5+ 50. Bf3 Qb5 51. Rb1 Bb2 52. Rf2 d2 53. Rxd2 Qf5 54. Rf1 Bc3 55. Rd8+ Kg7 56. Bg2 Qe6 57. Rfd1 Bb4 58. R8d7+ Kh6 59.
Rc7 Qe2 60. Rc6+ Kg5 61. Rd5+ Kg4 62. Rc1 a4 63. Rcd1 Bc3 64. Rf1 Be5 65. Bf3+ Qxf3+ 66. Rxf3 Kxf3 67. Rxe5 1-0

[Event "Late-Titled-Tuesday-Blitz-January-23-2024"]
[Site "Chess.com"]
[Date "2024.01.23"]
[Round "8"]
[White "Byniolus"]
[Black "Ajedrecista3000"]
[Result "1-0"]
[WhiteElo "2851"]
[BlackElo "2594"]
[TimeControl "180+1"]
[EndTime "15:26:23 PST"]
[Termination "Byniolus won on time"]

1. d4 Nf6 2. Nf3 e6 3. Bf4 b6 4. e3 Bb7 5. h3 Bd6 6. Bxd6 cxd6 7. Be2 d5 8. Nbd2 O-O 9. O-O Nc6 10. c4 Ne7 11.
Qa4 Bc6 12. Qa3 Nf5 13. Rfc1 dxc4 14. Nxc4 Qe7 15. Qxe7 Nxe7 16. Nfe5 Bd5 17. Nd6 Nc8 18. Nb5 Ne7 19. f3 Rfc8 20. Nc7 Rab8 21. Ba6 Bb7 22. Bxb7 Rxb7 23. Nb5 Rxc1+ 24. Rxc1 Ne8 25. Kf2 f6 26. Nc4 Nc8 27. Ke2 Kf8 28. Kd3 Ke7 29. e4 a6 30.
Nc3 Ncd6 31. Ne3 h5 32. h4 b5 33. g4 hxg4 34. fxg4 Nf7 35. Ne2 Rc7 36. Rg1 Ned6 37.
b3 a5 38. g5 Nd8 39. gxf6+ gxf6 40. h5 N8f7 41. Nf4 Ng5 42. e5 Ndf7 43. Ng6+ Ke8 44. exf6 b4 45. Nc4 Nh7 46. Rf1 d6 47. Nf4 a4 48. Nxe6 Ra7 49. Ng7+ Kd7 50. Nb6+ Kc6 51. Nxa4 Nfg5 52. Rc1+ Kd5 53. Rf1 Rf7 54. Nf5 Rxf6 55. Ne3+ Ke6 56. Rxf6+ Nxf6 57. h6 Nf7 58. Kc4 Nxh6 59.
Kxb4 Ne4 60. Kc4 Nf7 61. Nc3 Nf6 62. a4 Kd7 63. a5 Kc6 64. b4 d5+ 65. Kb3 Nd6 66.
Ka4 Nc4 67. b5+ 1-0

[Event "Late-Titled-Tuesday-Blitz-January-23-2024"]
[Site "Chess.com"]
[Date "2024.01.23"]
[Round "8"]
[White "szachmistrz2500"]
[Black "howitzer14"]
[Result "1/2-1/2"]
[WhiteElo "2508"]
[BlackElo "2947"]
[TimeControl "180+1"]
[EndTime "15:26:28 PST"]
[Termination "Game drawn by repetition"]

1. d4 Nf6 2. Nf3 c5 3. e3 d5 4. Be2 Nc6 5. O-O Bg4 6. a3 e6 7. dxc5 Bxc5 8. b4 Bb6 9. Bb2 Bxf3 10. Bxf3 O-O 11. Nd2 a5 12. b5 Ne7 13. c4 d4 14.
exd4 Bxd4 15. Qc2 Bxb2 16. Qxb2 Qc7 17. Rac1 Rad8 18. c5 Nf5 19. Ne4 Nd4 20. Nxf6+ gxf6 21. Be4 Qe5 22. Qb1 Ne2+ 23. Kh1 Rd4 24. Bxh7+ Kg7 25. f4 Qh5 26. Bd3 Ng3+ 27. Kg1 Nxf1 28. Rxf1 Qxc5 29. Kh1 Rfd8 30. Be4 b6 31. Bc6 f5 32. h3 Rd2 33.
Qa1+ Qd4 34. Qe1 Rd1 35. Qg3+ Kf8 36. Rxd1 Qxd1+ 37. Kh2 Qd4 38. Qh4 Rd6 39. Qg5 Qg7 40.
Qh4 f6 41. Qf2 Qc7 42. Qh4 Qg7 43. Qf2 Qc7 44. Qh4 Kg7 45. Qg3+ Kf7 46. Qh4 Rxc6 47. bxc6 Qxc6 48. Qh7+ Ke8 49. Qg8+ Kd7 50. Qf7+ Kd6 51. Qxf6 Qe4 52. Qd8+ Kc5 53. Qb8 b5 54. h4 b4 55.
axb4+ axb4 56. h5 Qe2 57. Qc8+ Kd4 58. Qd7+ Kc3 59. Qf7 Qg4 60. Qxe6 Qxf4+ 61. Kh1 Qf1+ 62. Kh2 Qf4+ 63. Kg1 Qc1+ 64. Kh2 Qg5 65. Kg1 Qxh5 66. Qc6+ Kb3 67. Qd5+ Ka3 68. Qa5+ Kb3 69. Qd5+ Kc3 70. Qc5+ Kb3 71. Qd5+ 1/2-1/2